 Dungeon Crawl Stone Soup version 0.31-a0-150-g89dc3ad700 (webtiles) character file.

Game seed: 7615053925766422007

109 testman the Magician (level 5, 0/40 HPs)
             Began as a Djinni Warper on June 5, 2023.
             Was an Initiate of Elyvilon.
             Slain by an ogre
             ... wielding a +0 giant club
              (11 damage)
             ... on level 3 of the Dungeon on June 8, 2023.
             The game lasted 00:12:53 (1989 turns).

testman the Magician (Djinni Warper)                Turns: 1989, Time: 00:12:54

Health: 0/40       AC:  5    Str: 10    XL:     5   Next: 13%
Gold:   253        EV: 12    Int: 17    God:    Elyvilon [......] SH:  0 Dex: 12

rFire   + + .        a - +0 falchion
rCold   x . .        (no shield)
rNeg    . . .        r - +0 steam dragon scales
rPois   ∞            (no helmet)
rElec   .            (no cloak)
rCorr   .            (no gloves)
SInv    .            (boots unavailable)
Will    .....        (no amulet)
Stlth   +            (no ring)
HPRegen 0.26/turn    (no ring)
MPRegen 0.00/turn

%: infuse magic (-1 HP)
@: on blink cooldown, flying
A: sickness immunity, fire resistance 2, cold vulnerability 1, float, innate
caster, HP casting, extra vitality 1
a: Renounce Religion


You were on level 3 of the Dungeon.
You worshipped Elyvilon.
Elyvilon was noncommittal.
You visited 1 branch of the dungeon, and saw 4 of its levels.

You collected 253 gold pieces.

Inventory:

Hand Weapons
 a - a +0 falchion (weapon)
Missiles
 d - 7 boomerangs of dispersal
 h - 6 javelins
 j - 2 poisoned darts
 k - 11 boomerangs
Armour
 r - +0 steam dragon scales (worn)
Scrolls
 c - 2 scrolls of blinking
 e - 2 scrolls of identify {unknown}
 g - 3 scrolls of amnesia {unknown}
 l - a scroll of fog {unknown}
 m - a scroll of magic mapping {unknown}
 q - a scroll of brand weapon {unknown}
 s - a scroll of teleportation {unknown}
 t - 2 scrolls of enchant armour {unknown}
 u - a scroll of immolation {unknown}
 v - a scroll of butterflies {unknown}
Potions
 b - 2 potions of magic {unknown}
 f - 2 potions of curing {unknown}
 i - a potion of heal wounds {unknown}
 n - a potion of cancellation {unknown}
 o - a potion of enlightenment {unknown}
 p - a potion of haste {unknown}


   Skills:
 + Level 3.0 Fighting
 + Level 2.7 Long Blades
 - Level 1.3 Throwing
 - Level 1.0 Armour
 - Level 2.1 Dodging
 + Level 3.2 Spellcasting
 + Level 3.2 Conjurations
 + Level 3.2 Hexes
 + Level 3.2 Summonings
 + Level 3.2 Necromancy
 + Level 3.2 Translocations
 + Level 3.2 Transmutations
 + Level 3.2 Fire Magic
 + Level 3.2 Ice Magic
 + Level 3.2 Air Magic
 + Level 3.2 Earth Magic
 + Level 3.2 Poison Magic


You knew the following spells:

 Your Spells              Type           Power      Damage    Failure   Level
a - Blink                 Tloc           26%        N/A       7%          2
b - Lesser Beckoning      Tloc           26%        N/A       7%          2
c - Vhi's Electric Charg  Tloc/Air       26%        N/A       14%         3
d - Teleport Other        Tloc           13%        N/A       14%         3
e - Manifold Assault      Tloc           13%        N/A       41%         4
f - Sting                 Tmut/Pois      52%        1d5       4%          1
g - Poisonous Vapours     Pois/Air       26%        N/A       7%          2
Your spell library was empty.

Dungeon Overview and Level Annotations

Branches:
Dungeon (4/15)
 Temple: D:4-7

Altars:
Elyvilon

Annotations:
D:3 3 runed translucent doors, porpoise's ghost, amateur HOFi


Innate Abilities, Weirdness & Mutations

You are immune to sickness and miasma.
You are immune to poison.
Your flesh is very heat resistant. (rF++)
You are vulnerable to cold. (rC-)
You float through the air rather than walking.
You learn spells naturally, not from books.
Your magical power is your life essence.
You have superior vitality. (+4 MHP)


Message History

The sting hits the ogre.
The ogre looks even sicker.
The ogre is heavily wounded.
You feel stable enough to blink again.
Aiming: Sting (safe; 4% risk of failure)
Press: ? - help, Q - select action, (/) - cycle Shift-Dir - straight line, f/p - ogre
Aim: an ogre, wielding a +0 giant club (heavily wounded, very poisoned, 86% to hit)
The sting misses the ogre.
Casting: Sting (safe; 4% risk of failure)
Confirm with . or Enter, or press ? or * to list all spells.
You blink.
You hit the ogre.
The ogre is severely wounded.
The ogre hits you with a +0 giant club!!
Ouch! That really hurt!
* * * LOW HITPOINT WARNING * * *
Casting: Blink (safe; 7% risk of failure)
Confirm with . or Enter, or press ? or * to list all spells.
Aiming: Teleport Other (dangerous; 14% risk of failure)
Press: ? - help, Shift-Dir - straight line, f/p - ogre
Aim: an ogre, wielding a +0 giant club (severely wounded, poisoned, chance to affect: 51%)
Okay, then.
Casting: Teleport Other (dangerous; 14% risk of failure)
Confirm with . or Enter, or press ? or * to list all spells.
Aiming: Sting (safe; 4% risk of failure)
Press: ? - help, Shift-Dir - straight line, f/p - ogre
Aim: an ogre, wielding a +0 giant club (severely wounded, poisoned, 86% to hit)
The sting hits the ogre but does no damage.
The ogre looks even sicker.
The ogre is severely wounded.
* * * LOW HITPOINT WARNING * * *
The ogre closely misses you.
Casting: Sting (safe; 4% risk of failure)
Confirm with . or Enter, or press ? or * to list all spells.
Aiming: Sting (safe; 4% risk of failure)
Press: ? - help, Shift-Dir - straight line, f/p - ogre
Aim: an ogre, wielding a +0 giant club (severely wounded, very poisoned, 86% to hit)
The sting misses the ogre.
* * * LOW HITPOINT WARNING * * *
The ogre hits you with a +0 giant club!
You die...

###.......####..### #..#.......#.
#####......#...# ##..#########.
†............## #.............
.####.........# #............. .#
#..#.#....### #......#..#.#.
.).##..#........####......##.....
..........##..............##.....
##..#.#.#........O...............
##...#.#.##....@..............).
###.#.#.##.......#...........##
....#.#####.#..........#...## ..
##.##.#..##..#......
......#)..........#.
#........##.........
#....##..##.#..##..#
..#...#.##....## #.. . #
#....#..#..###..


You could see an ogre (very poisoned).

Vanquished Creatures
  An orc wizard (D:3)
  2 adders
  2 worms (D:2)
  2 dart slugs
  4 orcs
  5 ball pythons
  3 endoplasms
  4 giant cockroaches
  7 goblins
  5 hobgoblins
  6 bats
  2 frilled lizards
  2 kobolds (D:1)
  10 rats
55 creatures vanquished.

Notes
Turn   | Place    | Note
-------+----------+-------------------------------------------
     0 | D:1      | testman the Djinni Warper began the quest for the Orb.
     0 | D:1      | testman set off with the following spells memorised: Blink,
                  | Lesser Beckoning, Vhi's Electric Charge, Teleport Other,
                  | Manifold Assault.
     0 | D:1      | Reached XP level 1. HP: 18/18 MP: 0/0
    72 | D:1      | Reached XP level 2. HP: 11/23 MP: 0/0
   101 | D:1      | Reached skill level 1 in Throwing
   606 | D:1      | Reached XP level 3. HP: 28/28 MP: 0/0
   606 | D:1      | Learned a level 1 spell: Sting
  1028 | D:2      | Upgraded the game from 0.31-a0-145-g046c7d2549 to
                  | 0.31-a0-150-g89dc3ad700
  1198 | D:2      | Reached XP level 4. HP: 24/34 MP: 0/0
  1419 | D:3      | Noticed porpoise's ghost (amateur HOFi)
  1423 | D:3      | Found a runed translucent gate.
  1423 | D:3      | Found a runed translucent gate.
  1423 | D:3      | Found a runed translucent gate.
  1487 | D:3      | You are sucked into a shaft and drop 1 floor!
  1525 | D:4      | Found a white marble altar of Elyvilon.
  1533 | D:4      | Became a worshipper of Elyvilon the Healer
  1707 | D:3      | Reached XP level 5. HP: 26/40 MP: 0/0
  1707 | D:3      | Learned a level 2 spell: Poisonous Vapours
  1963 | D:3      | Noticed an ogre
  1989 | D:3      | Slain by an ogre

Illustrated notes

Levels and vault maps discovered:
D:1:      lightli_arrival_lavapool, layout_loops_ring, minmay_octomino_j4
D:2:      minmay_spotlight, layout_basic
D:3:      layout_rooms, gammafunk_ghost_split
D:4:      layout_loops_ring, nemelex_dance_club_becter, lemuel_crystal_altar,
          serial_shops, nicolae_shop_competitors_out_of_business,
          kennysheep_donut

Skill      XL: |  1  2  3  4 |
---------------+-------------+-----
Throwing       | 1 |  1.3
Long Blades    | 2 |  2.7
Spellcasting   | 3 |  3.2
Conjurations   | 3 |  3.2
Hexes          | 3 |  3.2
Summonings     | 3 |  3.2
Necromancy     | 3 |  3.2
Translocations | 3 |  3.2
Transmutations | 3 |  3.2
Fire Magic     | 3 |  3.2
Ice Magic      | 3 |  3.2
Air Magic      | 3 |  3.2
Earth Magic    | 3 |  3.2
Poison Magic   | 3 |  3.2
Fighting       | 3 |  3.0
Armour         | |  1.0
Dodging        | |  2.1

Action                     |  1- 3 |  4- 6 || total
---------------------------+-------+-------++-------
  Melee: Falchion          |   116 |    27 ||   143
         Punch             |     1 |     1 ||     2
   Cast: Sting             |     9 |    32 ||    41
         Blink             |       |     3 ||     3
         Poisonous Vapours |       |     3 ||     3
   Stab: Sleeping          |     1 |       ||     1
 Armour: Leather armour    |    47 |       ||    47
         Steam dragon scal |       |    17 ||    17
  Dodge: Dodged            |    77 |    31 ||   108

Table legend: (Time is in decaauts)
 A = Elapsed time spent in this place.
 B = Non-inter-level travel time spent in this place.
 C = Inter-level travel time spent in this place.
 D = Time resting spent in this place.
 E = Time spent auto-exploring this place.
 F = Levels seen in this place.
 G = Mean time per level.
                   A        B        C        D        E       F      G
               +--------+--------+--------+--------+--------+-----+--------+
         Total |   2021 |   1953 |     68 |    123 |   1346 |   4 |  505.2 |
       Dungeon |   2021 |   1953 |     68 |    123 |   1346 |   4 |  505.2 |
               +--------+--------+--------+--------+--------+-----+--------+

Top non-repeatable levels by time:
     D:1: 889 daAuts
     D:2: 547 daAuts
     D:3: 380 daAuts
     D:4: 203 daAuts
